[Event "Titled Tuesday Blitz November 08 Late 2022"]
[White "Bazeev, German"]
[Black "Paravyan, David"]
[WhiteFideId "24119350"]
[BlackFideId "4194985"]
[WhiteElo "2493"]
[BlackElo "2546"]
[Result "0-1"]
[Round "05"]
[TimeControl "180+1"]
[Date "2022.11.08"]
[WhiteClock "0:00:22"]
[BlackClock "0:00:32"]

1. d4 Nf6 2. Nf3 g6 3. c4 Bg7 4. Nc3 d5 5. cxd5 Nxd5 6. Qa4+ Nc6 7. e4 Nb6 8. Qc2 Bxd4 9. Bb5 Bg7 10. Bxc6+ bxc6 11. Be3 Ba6 12. Rd1 Qc8 13. Bd4 f6 14. h3 O-O 15. b3 Rd8 16. Bc5 Rxd1+ 17. Kxd1 Bh6 18. Be3 Bxe3 19. fxe3 c5 20. Kc1 Qe8 21. e5 Rd8 22. Rd1 Rxd1+ 23. Qxd1 Bb7 24. e4 Bc6 25. Qg1 c4 26. b4 Qd7 27. Qd4 Kf7 28. Qxd7 Bxd7 29. b5 c6 30. bxc6 Bxc6 31. Nd4 Bd7 32. exf6 Kxf6 33. Kd2 a6 34. Ke3 e5 35. Nc2 Bc6 36. Nb4 Bb7 37. h4 Ke6 38. g4 Kd6 39. g5 Kc5 40. Nc2 Bc6 41. Kd2 Na4 42. Nxa4+ Bxa4 43. Ne3 Kd4 44. Ng4 c3+ 45. Kc1 Kxe4 46. Nf6+ Kf5 47. Nxh7 e4 0-1


[Site "https://www.chess.com"]

[Event "Titled Tuesday Blitz November 08 Late 2022"]
[White "Becerra, Juan David"]
[Black "Goryachkina, Aleksandra"]
[WhiteFideId "4404998"]
[BlackFideId "4147103"]
[WhiteElo "2281"]
[BlackElo "2484"]
[Result "1-0"]
[Round "05"]
[TimeControl "180+1"]
[Date "2022.11.09"]
[WhiteClock "0:01:31"]
[BlackClock "0:00:03"]

1. e4 c5 2. d4 cxd4 3. c3 dxc3 4. Nxc3 Nc6 5. Nf3 e6 6. Bf4 a6 7. e5 Nge7 8. Bd3 Ng6 9. Bg3 Qa5 10. Qe2 Be7 11. O-O O-O 12. a3 Rd8 13. b4 Qc7 14. Rac1 b5 15. h4 Nf8 16. Ne4 Bb7 17. h5 h6 18. Nh2 Qb6 19. Qg4 Kh8 20. Rfd1 Rac8 21. Qf4 Nd4 22. Nc5 Nf5 23. Bxf5 exf5 24. Qxf5 Bxc5 25. bxc5 Qe6 26. Qf4 Rc6 27. Rd6 Rxd6 28. cxd6 Bc6 29. Ng4 Nh7 30. Bh4 Re8 31. Be7 Qd5 32. f3 Qe6 33. Kh2 Rxe7 34. dxe7 Qxe7 35. Ne3 Ng5 36. Nf5 Qe6 37. Nd4 Qd5 38. Nxc6 dxc6 39. Rc2 Kg8 40. Rd2 Qe6 41. Rd8+ Kh7 42. Qd4 Qe7 43. Qd3+ g6 44. hxg6+ 1-0


[Site "https://www.chess.com"]

[Event "Titled Tuesday Blitz November 08 Late 2022"]
[White "Bibilashvili, Lali"]
[Black "Muhammad, Shahzeb"]
[WhiteFideId "13604236"]
[BlackFideId "7804806"]
[WhiteElo "1819"]
[BlackElo "2362"]
[Result "0-1"]
[Round "05"]
[TimeControl "180+1"]
[Date "2022.11.09"]
[WhiteClock "0:01:25"]
[BlackClock "0:02:15"]

1. c4 e5 2. Nc3 Nc6 3. g3 Nf6 4. Bg2 Bb4 5. e3 Bxc3 6. dxc3 d6 7. Ne2 O-O 8. O-O Be6 9. b3 Qd7 10. f4 Bh3 11. Ba3 Bxg2 12. Kxg2 Ng4 13. Qd2 exf4 14. exf4 Rfe8 15. Rf3 Qe6 16. Nd4 Nxd4 17. cxd4 Qe4 18. h3 Nh2 19. Kxh2 Qxf3 20. Re1 Kf8 21. c5 Rxe1 22. Qxe1 Re8 0-1


[Site "https://www.chess.com"]

[Event "Titled Tuesday Blitz November 08 Late 2022"]
[White "Bilan, Danila"]
[Black "De Souza, Cristiano Gomes"]
[WhiteFideId "24161918"]
[BlackFideId "2151758"]
[WhiteElo "2173"]
[BlackElo "2068"]
[Result "0-1"]
[Round "05"]
[TimeControl "180+1"]
[Date "2022.11.09"]
[WhiteClock "0:00:02"]
[BlackClock "0:00:57"]

1. d4 Nf6 2. Nf3 g6 3. Bg5 h6 4. Bh4 d6 5. Nbd2 g5 6. Bg3 Nh5 7. e4 Bg7 8. c3 e6 9. Bc4 Qe7 10. O-O Nd7 11. Qe2 Nf8 12. Ne1 Nxg3 13. hxg3 Ng6 14. Nd3 Bd7 15. a4 O-O-O 16. a5 h5 17. a6 b6 18. Nb4 c5 19. dxc5 dxc5 20. Nd3 Bc6 21. Rfc1 h4 22. g4 h3 23. g3 h2+ 24. Kh1 f5 25. b4 Rxd3 26. Bxd3 Ne5 27. gxf5 exf5 28. Bb1 g4 29. Ra2 Bh6 30. Rd1 Bxd2 31. Raxd2 Nf3 32. Rd6 Kc7 33. Ba2 Bxe4 34. Rd7+ Qxd7 35. Rxd7+ Kxd7 36. Qd1+ Ke7 37. Bd5 Rd8 38. c4 cxb4 39. Qe2 Nd4+ 40. Qxe4+ 0-1


[Site "https://www.chess.com"]

[Event "Titled Tuesday Blitz November 08 Late 2022"]
[White "Bogaudinov, Rushan"]
[Black "Machidon, Cristi"]
[WhiteFideId "4129288"]
[BlackFideId "13904590"]
[WhiteElo "1997"]
[BlackElo "2333"]
[Result "0-1"]
[Round "05"]
[TimeControl "180+1"]
[Date "2022.11.09"]
[WhiteClock "0:00:09"]
[BlackClock "0:01:39"]

1. g3 Nf6 2. Bg2 g6 3. Nf3 Bg7 4. O-O c5 5. d3 d5 6. Nc3 d4 7. Nb1 Nc6 8. a4 O-O 9. Na3 e5 10. e4 h6 11. Nc4 Qc7 12. Ne1 Bg4 13. f3 Be6 14. b3 a6 15. a5 Bxc4 16. bxc4 Nxa5 17. Bd2 Nc6 18. f4 b5 19. cxb5 axb5 20. Nf3 c4 21. fxe5 Nd7 22. e6 fxe6 23. Rxa8 Rxa8 24. Nh4 Nde5 25. Bh3 Qe7 26. Qb1 b4 27. dxc4 g5 28. Ng2 g4 29. Nf4 gxh3 30. Nh5 Nxc4 31. Bc1 Rf8 32. Rxf8+ Qxf8 33. Nxg7 Kxg7 34. Qb3 Qc5 35. Qd3 N6e5 36. Qf1 d3+ 37. Kh1 d2 38. Bxd2 Nxd2 39. Qxh3 Qe3 40. Qg2 Qe1+ 41. Qg1 Qxe4+ 42. Qg2 Nef3 43. h3 Qe1+ 0-1


[Site "https://www.chess.com"]

[Event "Titled Tuesday Blitz November 08 Late 2022"]
[White "Bortnyk, Mykola"]
[Black "Maksimovic, Bojan"]
[WhiteFideId "14120836"]
[BlackFideId "14408120"]
[WhiteElo "2582"]
[BlackElo "2447"]
[Result "0-1"]
[Round "05"]
[TimeControl "180+1"]
[Date "2022.11.08"]
[WhiteClock "0:00:57"]
[BlackClock "0:01:00"]

1. e4 g6 2. d4 Bg7 3. Nc3 d6 4. h3 a6 5. g4 b5 6. Bg2 Bb7 7. a3 Nd7 8. Nge2 c5 9. Be3 Rc8 10. O-O cxd4 11. Bxd4 Ngf6 12. Be3 Qc7 13. Ng3 O-O 14. Rc1 Nb6 15. Qe2 Nc4 16. Nd1 Nxe3 17. Nxe3 Nd7 18. c3 Ne5 19. f4 Nc4 20. Kh2 Nxe3 21. Qxe3 Qc5 22. Qf3 e5 23. f5 Bh6 24. Rcd1 Bf4 25. Kh1 Rcd8 26. Ne2 g5 27. Nxf4 exf4 28. Qd3 Rfe8 29. Rfe1 Kg7 30. Qd4+ Qxd4 31. cxd4 Re7 32. e5 Bxg2+ 33. Kxg2 dxe5 34. dxe5 Rxe5 35. f6+ Kxf6 36. Rxe5 Rxd1 37. Rf5+ Kg6 38. h4 Rd2+ 39. Kh3 h6 40. h5+ Kg7 41. a4 Rxb2 42. axb5 Rxb5 0-1


[Site "https://www.chess.com"]

[Event "Titled Tuesday Blitz November 08 Late 2022"]
[White "Bortnyk, Olexandr"]
[Black "Hauge, Lars Oskar"]
[WhiteFideId "14120828"]
[BlackFideId "1509276"]
[WhiteElo "2723"]
[BlackElo "2431"]
[Result "1-0"]
[Round "05"]
[TimeControl "180+1"]
[Date "2022.11.08"]
[WhiteClock "0:00:06"]
[BlackClock "0:00:05"]

1. d4 f5 2. Nc3 d5 3. Bf4 a6 4. e3 Nf6 5. Nf3 e6 6. a3 c5 7. Be2 Nc6 8. O-O b5 9. Ne5 Bb7 10. Bf3 c4 11. b3 cxb3 12. cxb3 Rc8 13. Nxc6 Bxc6 14. a4 Bb4 15. Ne2 O-O 16. Bg5 Qd7 17. Bxf6 Rxf6 18. Nf4 Bd6 19. Be2 Rf7 20. Nd3 Qe8 21. g3 Rfc7 22. b4 bxa4 23. Nc5 Bb5 24. Nxa6 Bxa6 25. Bxa6 Rb8 26. Rxa4 Rxb4 27. Rxb4 Bxb4 28. Qb3 Bd6 29. Rb1 Kf7 30. Kg2 g6 31. h4 Qa8 32. Qb5 Qc6 33. Qf1 Qc3 34. h5 g5 35. Qb5 Qc6 36. Qb8 Qe8 37. Qb3 Qc6 38. Bf1 h6 39. Qa2 Kf6 40. Rb8 Rc8 41. Rb2 Rc7 42. Bb5 Qc1 43. Be2 Qc6 44. Qb3 Rc8 45. Qd3 Rb8 46. Rc2 Qe8 47. Qd1 g4 48. Qh1 Kg7 49. Rc1 Rc8 50. Ra1 Ra8 51. Rb1 Rb8 52. Rc1 Rc8 53. Rxc8 Qxc8 54. Qb1 Qc7 55. Qb5 Kf7 56. Qa6 Ke7 57. Bb5 Qb8 58. Qc6 Qc7 59. Qe8+ Kf6 60. Qg6+ Ke7 61. Qg7+ Kd8 62. Qh8+ Ke7 63. Qxh6 Qc2 64. Qg7+ Kd8 65. Qd7# 1-0


[Site "https://www.chess.com"]

[Event "Titled Tuesday Blitz November 08 Late 2022"]
[White "Boruchovsky, Avital"]
[Black "Terry, Renato"]
[WhiteFideId "2800055"]
[BlackFideId "3803457"]
[WhiteElo "2458"]
[BlackElo "2577"]
[Result "1-0"]
[Round "05"]
[TimeControl "180+1"]
[Date "2022.11.08"]
[WhiteClock "0:00:09"]
[BlackClock "0:00:29"]

1. e4 e6 2. d4 d5 3. Nc3 Nf6 4. Bg5 Bb4 5. e5 h6 6. Bd2 Bxc3 7. Bxc3 Ne4 8. Ne2 c5 9. dxc5 Nxc3 10. Nxc3 O-O 11. f4 b6 12. Qd4 f6 13. exf6 bxc5 14. Qxc5 Qxf6 15. g3 Nd7 16. Qd6 Qd4 17. Qxe6+ Kh8 18. Qxd5 Qe3+ 19. Be2 Rb8 20. Qd3 Qb6 21. Nd5 Qb7 22. O-O Nc5 23. Qc4 Be6 24. Bf3 Rbc8 25. Qd4 Bh3 26. Rfe1 Ne6 27. Qf2 Qxb2 28. c3 Qb7 29. Re5 Qf7 30. Rae1 Nc5 31. Re7 Qg6 32. Qd4 Bf5 33. R1e5 Nd3 34. Rxf5 Rxf5 35. Be4 Nxf4 36. Nxf4 Rxf4 37. Bxg6 Rxd4 38. cxd4 Kg8 39. Re8+ Rxe8 40. Bxe8 Kf8 41. Bb5 Ke7 42. Kf2 Kd6 43. Ba4 Kd5 44. Bb3+ Kxd4 45. Kf3 Kc3 46. Kf4 Kb4 47. Kf5 1-0


[Site "https://www.chess.com"]

[Event "Titled Tuesday Blitz November 08 Late 2022"]
[White "Brodowski, Piotr"]
[Black "Baskakov, Egor"]
[WhiteFideId "1124480"]
[BlackFideId "24197866"]
[WhiteElo "2351"]
[BlackElo "2211"]
[Result "0-1"]
[Round "05"]
[TimeControl "180+1"]
[Date "2022.11.08"]
[WhiteClock "0:00:23"]
[BlackClock "0:01:16"]

1. c4 Nf6 2. Nc3 e6 3. Nf3 d5 4. e3 Be7 5. b3 O-O 6. Bb2 b6 7. Qc2 Bb7 8. Be2 c5 9. cxd5 Nxd5 10. Rd1 Nc6 11. O-O Bf6 12. Nxd5 Qxd5 13. Bxf6 gxf6 14. Qb2 Kg7 15. Rfe1 Rad8 16. Bf1 Ne5 17. Nxe5 fxe5 18. d3 f6 19. f3 Rd7 20. d4 exd4 21. exd4 cxd4 22. Bc4 Qg5 23. Bxe6 Rd6 24. Qf2 Re8 25. Bc4 Re3 26. h4 Qf4 27. g3 Qe5 28. Rxe3 dxe3 29. Qe2 Qxg3+ 30. Kf1 Rxd1+ 31. Qxd1 Qf2# 0-1


[Site "https://www.chess.com"]

[Event "Titled Tuesday Blitz November 08 Late 2022"]
[White "Brown, Andrew"]
[Black "Wirig, Anthony"]
[WhiteFideId "3206513"]
[BlackFideId "615013"]
[WhiteElo "2245"]
[BlackElo "2487"]
[Result "0-1"]
[Round "05"]
[TimeControl "180+1"]
[Date "2022.11.09"]
[WhiteClock "0:00:05"]
[BlackClock "0:00:42"]

1. d4 Nf6 2. c4 e6 3. Nc3 Bb4 4. g3 d6 5. Bg2 O-O 6. e4 e5 7. dxe5 dxe5 8. Qxd8 Rxd8 9. Bd2 c6 10. a3 Bc5 11. Nf3 Bg4 12. Bg5 Nbd7 13. h3 Bxf3 14. Bxf3 h6 15. Be3 Bxe3 16. fxe3 Nb6 17. Be2 a5 18. Rd1 Nbd7 19. Bg4 Nc5 20. Ke2 Nfxe4 21. Nxe4 Nxe4 22. Kf3 Nd2+ 23. Ke2 Nxc4 24. Rc1 Nd6 25. Rhd1 Kf8 26. h4 Ke7 27. Rd3 f5 28. Bh3 g6 29. Bg2 h5 30. Rb3 a4 31. Rb4 e4 32. Bf1 Ra5 33. Ke1 Rda8 34. Be2 Rd5 35. Bd1 Rda5 36. Be2 Kd7 37. Rd1 Kc7 38. Rc1 Rd8 39. Rd4 Nf7 40. Rb4 Ne5 41. Bd1 Nd3+ 0-1


[Site "https://www.chess.com"]

[Event "Titled Tuesday Blitz November 08 Late 2022"]
[White "Burke, Paul"]
[Black "Ramirez, Maria Eugenia"]
[WhiteFideId "2605767"]
[BlackFideId "3301680"]
[WhiteElo "1811"]
[BlackElo "1941"]
[Result "0-1"]
[Round "05"]
[TimeControl "180+1"]
[Date "2022.11.09"]
[WhiteClock "0:00:01"]
[BlackClock "0:00:15"]

1. e4 e5 2. Nf3 Nc6 3. Bc4 Nf6 4. d4 exd4 5. O-O Nxe4 6. Re1 d5 7. Bxd5 Qxd5 8. Nc3 Qh5 9. Nxe4 Be6 10. Neg5 O-O-O 11. Nxe6 fxe6 12. Qe2 e5 13. Bg5 Re8 14. c3 Bd6 15. Qc2 Rhf8 16. Qe4 Rxf3 17. Qxf3 Qxg5 18. Qh3+ Kb8 19. Qxh7 d3 20. Qxd3 a6 21. Qe3 Qxe3 22. Rxe3 Rf8 23. Rae1 Ne7 24. Rg3 Nf5 25. Rg5 Rf7 26. h3 Kc8 27. Re2 Ne7 28. Rh5 b6 29. Rh8+ Kb7 30. Rh5 Nc6 31. a3 a5 32. b4 axb4 33. axb4 Ne7 34. Rg5 Nd5 35. Rc2 Nf4 36. Rg4 b5 37. Rg5 Nd3 38. Rg3 e4 39. Rg4 Re7 40. Re2 Rf7 41. Rgxe4 g6 42. Re6 Nf4 43. R6e4 Nxe2+ 44. Rxe2 Kc6 45. g3 Kd5 46. Kg2 Kc4 47. Rc2 Be5 48. Re2 Bxc3 49. Re6 Kxb4 50. Rc6 g5 51. Rg6 Bd2 0-1


[Site "https://www.chess.com"]

[Event "Titled Tuesday Blitz November 08 Late 2022"]
[White "Capp, Stephen"]
[Black "Rosenberg, Evan S"]
[WhiteFideId "2027089"]
[BlackFideId "2019299"]
[WhiteElo "2161"]
[BlackElo "2394"]
[Result "1-0"]
[Round "05"]
[TimeControl "180+1"]
[Date "2022.11.09"]
[WhiteClock "0:00:10"]
[BlackClock "0:00:03"]

1. e4 e5 2. Nf3 Nc6 3. d4 exd4 4. Bc4 Nf6 5. O-O Nxe4 6. Re1 d5 7. Nc3 Be7 8. Nxd5 Nd6 9. Nxe7 Nxe7 10. Qxd4 O-O 11. Bg5 Nxc4 12. Qxc4 Be6 13. Qh4 Re8 14. Rad1 Qxd1 15. Rxd1 Ng6 16. Qb4 f6 17. Be3 b6 18. h4 c5 19. Qc3 Kh8 20. h5 Ne7 21. Bf4 Nd5 22. Qd2 Rad8 23. Qc1 Kg8 24. Bg3 Bg4 25. Rd3 Bxh5 26. a3 Bg6 27. Rb3 c4 28. Rb5 Nc7 29. Rb4 Nd5 30. Rxc4 Ne7 31. Rd4 Nf5 32. Rxd8 Rxd8 33. Bf4 Re8 34. Be3 h5 35. Nd4 Nxe3 36. fxe3 Be4 37. Qd2 f5 38. Qf2 g6 39. Qf4 Kg7 40. Qg5 Kf7 41. Nf3 Bxf3 42. gxf3 Re6 43. Qf4 Rf6 44. Qc7+ Kg8 45. Qe7 Rf7 46. Qe8+ Kg7 47. Qe6 Rf6 48. Qe5 Kf7 49. e4 fxe4 50. Qc7+ Ke6 51. fxe4 Rf7 52. Qc6+ Ke7 53. Qd5 Rf6 54. e5 Rf5 55. Qd6+ Kf7 56. e6+ 1-0


[Site "https://www.chess.com"]

[Event "Titled Tuesday Blitz November 08 Late 2022"]
[White "Chigaev, Maksim"]
[Black "Jobava, Baadur"]
[WhiteFideId "4108116"]
[BlackFideId "13601520"]
[WhiteElo "2541"]
[BlackElo "2582"]
[Result "1-0"]
[Round "05"]
[TimeControl "180+1"]
[Date "2022.11.08"]
[WhiteClock "0:00:28"]
[BlackClock "0:00:03"]

1. Nf3 d5 2. c4 d4 3. b4 c5 4. Bb2 f6 5. d3 e5 6. e3 Nc6 7. b5 Nce7 8. exd4 exd4 9. g3 b6 10. Bg2 Bb7 11. O-O Qd7 12. Re1 Nh6 13. a4 Kf7 14. a5 Rb8 15. Nbd2 Ng6 16. axb6 axb6 17. Ra7 Be7 18. h4 Rhc8 19. h5 Nf8 20. Ne4 Rc7 21. Bc1 Ng4 22. Bf4 Ra8 23. Rxa8 Bxa8 24. Bxc7 Qxc7 25. Nfg5+ fxg5 26. Qxg4 Qd8 27. Qf5+ Kg8 28. Nxg5 Bxg5 29. Bxa8 Qxa8 30. Qxg5 h6 31. Qd5+ Qxd5 32. cxd5 Kf7 33. d6 Kf6 34. Kg2 Nd7 35. Re7 1-0


[Site "https://www.chess.com"]

[Event "Titled Tuesday Blitz November 08 Late 2022"]
[White "Chlpik, Martin"]
[Black "Santos Flores, Alberto"]
[WhiteFideId "14923351"]
[BlackFideId "3601234"]
[WhiteElo "2109"]
[BlackElo "2235"]
[Result "0-1"]
[Round "05"]
[TimeControl "180+1"]
[Date "2022.11.09"]
[WhiteClock "0:00:01"]
[BlackClock "0:00:10"]

1. d4 d5 2. Nc3 Nf6 3. Bf4 e6 4. e3 Bd6 5. g4 Bxf4 6. exf4 O-O 7. h4 c5 8. g5 Nfd7 9. Nf3 Nc6 10. Qd2 cxd4 11. Nxd4 Nxd4 12. Qxd4 Qb6 13. Qxb6 Nxb6 14. f5 exf5 15. O-O-O Be6 16. Bg2 Rfd8 17. Rd4 Rac8 18. Rhd1 Rc5 19. Ne2 Rdc8 20. c3 Rc4 21. Nf4 Rxd4 22. Rxd4 Rc4 23. Rxc4 Nxc4 24. Nxd5 b6 25. Nf4 Ne5 26. b3 Kf8 27. Kd2 Ke7 28. c4 Ng6 29. Nxg6+ fxg6 30. Ke3 Kd6 31. Kd4 a5 32. a3 Bd7 33. Bd5 h6 34. f4 hxg5 35. fxg5 Be6 36. Bf3 Bd7 37. Bd5 Be6 38. Bf3 Bf7 39. b4 axb4 40. axb4 Be8 41. c5+ bxc5+ 42. bxc5+ Kc7 43. Bd5 Kd7 44. Ke5 Kc7 45. h5 gxh5 46. Kxf5 g6+ 47. Kf6 h4 48. Ke5 h3 49. Kf4 h2 50. Kg3 Bc6 51. Bg2 h1=Q 52. Bxh1 Bxh1 0-1


[Site "https://www.chess.com"]

[Event "Titled Tuesday Blitz November 08 Late 2022"]
[White "Clawitter, Craig"]
[Black "Grigorov, Grigor"]
[WhiteFideId "2023105"]
[BlackFideId "2907313"]
[WhiteElo "2166"]
[BlackElo "2510"]
[Result "0-1"]
[Round "05"]
[TimeControl "180+1"]
[Date "2022.11.09"]
[WhiteClock "0:00:06"]
[BlackClock "0:01:13"]

1. e4 c6 2. d4 d5 3. e5 Bf5 4. Nf3 e6 5. Be2 Nd7 6. O-O a6 7. Nbd2 h6 8. Re1 Rc8 9. Nf1 Ne7 10. c3 c5 11. Ne3 Be4 12. Nd2 cxd4 13. cxd4 Bh7 14. g4 Nc6 15. Nb3 Be7 16. Ng2 O-O 17. Be3 f5 18. gxf5 Bxf5 19. Bg4 Bg5 20. f4 Be7 21. Bf2 g6 22. Bxf5 gxf5 23. Qh5 Kh7 24. Bh4 Qe8 25. Qxe8 Rfxe8 26. Bxe7 Rxe7 27. Rac1 Rg8 28. Kf2 Reg7 29. Ne3 Nb4 30. Red1 Nxa2 31. Rc7 Nf8 32. Rxg7+ Rxg7 33. Nc5 Nb4 0-1


[Site "https://www.chess.com"]

[Event "Titled Tuesday Blitz November 08 Late 2022"]
[White "Crevatin, Leo"]
[Black "Roux, Baptiste"]
[WhiteFideId "1726307"]
[BlackFideId "36017450"]
[WhiteElo "2208"]
[BlackElo "2077"]
[Result "1-0"]
[Round "05"]
[TimeControl "180+1"]
[Date "2022.11.09"]
[WhiteClock "0:00:23"]
[BlackClock "0:00:13"]

1. e4 c5 2. Nf3 a6 3. d4 cxd4 4. Nxd4 Nf6 5. Nc3 e5 6. Nde2 Bb4 7. a3 Ba5 8. b4 Bb6 9. Ng3 O-O 10. Bd3 Bd4 11. Bd2 Qc7 12. Nge2 d5 13. Nxd4 exd4 14. Nxd5 Nxd5 15. exd5 Re8+ 16. Kf1 Nd7 17. Qf3 Ne5 18. Qf4 Qb6 19. Re1 f6 20. Re4 Bd7 21. Rxd4 Nxd3 22. Rxd3 Rac8 23. c4 g5 24. Qd4 Qxd4 25. Rxd4 Rxc4 26. Rxc4 Bb5 27. Be3 Bxc4+ 28. Ke1 Bxd5 29. Rg1 f5 30. Kd2 f4 31. Bd4 Bc4 32. Kc3 b5 33. g3 f3 34. Rd1 Re2 35. Bc5 Ra2 36. Rd8+ Kg7 37. Rd7+ Kg6 38. Rd6+ Kf5 39. Rxa6 Kg4 40. a4 Ra3+ 41. Kd4 Rd3+ 42. Ke4 bxa4 43. Rxa4 Rd7 44. Ra7 Rxa7 45. Bxa7 Be2 46. Be3 h6 47. Ke5 Kh3 48. Kf6 Bd3 49. Kg7 Kxh2 50. Kxh6 g4 51. Kg5 Kh3 52. Kf4 Bb5 53. Ke5 Kg2 54. Kd6 Kf1 55. Kc5 Bd3 56. b5 Ke2 57. b6 Be4 58. Kd6 Kd3 59. Kc7 Kc4 60. b7 Bxb7 61. Kxb7 Kd5 62. Kc7 Ke6 63. Kc6 1-0


[Site "https://www.chess.com"]

[Event "Titled Tuesday Blitz November 08 Late 2022"]
[White "Curtis, John"]
[Black "Jorquera, Marcelo"]
[WhiteFideId "3200256"]
[BlackFideId "3401197"]
[WhiteElo "2203"]
[BlackElo "2136"]
[Result "1-0"]
[Round "05"]
[TimeControl "180+1"]
[Date "2022.11.09"]
[WhiteClock "0:00:20"]
[BlackClock "0:00:04"]

1. e4 d5 2. exd5 Qxd5 3. Nc3 Qa5 4. Bc4 Nf6 5. Nf3 Bf5 6. O-O e6 7. h3 c6 8. Qe2 Be7 9. d3 O-O 10. Bf4 Nbd7 11. Ne5 Nxe5 12. Bxe5 Nd5 13. Nxd5 cxd5 14. Bc3 Qd8 15. Bb3 Bf6 16. Be5 Bxe5 17. Qxe5 b5 18. g4 Bg6 19. f4 Qb6+ 20. Kg2 f6 21. Qe2 Bf7 22. a4 b4 23. a5 Qc5 24. Qf2 Rac8 25. d4 Qd6 26. Qd2 Rc7 27. Rf2 Rb8 28. Rd1 Be8 29. f5 Bb5 30. fxe6 Bc4 31. Bxc4 Rxc4 32. Re1 Re8 33. Rfe2 Re7 34. c3 h6 35. Re3 Qc6 36. Qf2 bxc3 37. bxc3 Rxc3 38. Rxc3 Qxc3 39. Re2 Qxa5 40. Qf3 Qb5 41. Rc2 Rxe6 42. Rc8+ Kf7 43. Rc2 Re7 44. Qf5 1-0


[Site "https://www.chess.com"]

[Event "Titled Tuesday Blitz November 08 Late 2022"]
[White "Da Matta, Eduardo Cesar"]
[Black "Howell, David W L"]
[WhiteFideId "2193108"]
[BlackFideId "410608"]
[WhiteElo "1981"]
[BlackElo "2567"]
[Result "0-1"]
[Round "05"]
[TimeControl "180+1"]
[Date "2022.11.09"]
[WhiteClock "0:00:03"]
[BlackClock "0:00:03"]

1. d4 e6 2. c4 d5 3. Nc3 c6 4. e3 Bd6 5. Nf3 f5 6. g3 Nf6 7. Bg2 O-O 8. O-O Bd7 9. b3 Be8 10. Bb2 Nbd7 11. Qc2 Bg6 12. Ne2 Bh5 13. Ne5 Bxe2 14. Qxe2 Qe7 15. f3 Ba3 16. Bxa3 Qxa3 17. Nxd7 Nxd7 18. e4 fxe4 19. fxe4 dxc4 20. Qxc4 Qe7 21. Bh3 Rfe8 22. Rf2 Rad8 23. Raf1 Nb6 24. Qc3 Qd6 25. Rf7 Re7 26. Qf3 h6 27. Rf8+ Rxf8 28. Qxf8+ Kh7 29. Kh1 Rd7 30. Qf4 Qxf4 31. Rxf4 Rxd4 32. Bxe6 Kg6 33. Bf5+ Kg5 34. h4+ Kf6 35. Bc8+ Ke7 36. Bxb7 c5 0-1


[Site "https://www.chess.com"]

[Event "Titled Tuesday Blitz November 08 Late 2022"]
[White "Danielyan, Vahe"]
[Black "Goncalves, Davi Sulzbacher"]
[WhiteFideId "13304828"]
[BlackFideId "2154510"]
[WhiteElo "2423"]
[BlackElo "2182"]
[Result "1-0"]
[Round "05"]
[TimeControl "180+1"]
[Date "2022.11.09"]
[WhiteClock "0:01:20"]
[BlackClock "0:00:04"]

1. b3 d5 2. Bb2 Nf6 3. Nf3 e6 4. e3 Be7 5. Be2 O-O 6. O-O c5 7. d4 Nc6 8. Nbd2 Bd7 9. c4 Rc8 10. Rc1 Qa5 11. a3 Rfd8 12. dxc5 Qxc5 13. b4 Qd6 14. c5 Qb8 15. Nb3 Ne4 16. b5 Nxc5 17. Nxc5 Bxc5 18. Rxc5 Na5 19. Rxc8 Rxc8 20. Be5 Qa8 21. Qd4 f6 22. Bxf6 gxf6 23. Qxf6 Rf8 24. Qg5+ Kh8 25. Ne5 Qe8 26. Bd3 Bxb5 27. Bxb5 Qxb5 28. Qh6 Qe8 29. f4 Nc4 30. Nd7 Rf7 31. Nf6 Qf8 32. Qxf8+ Rxf8 33. Ng4 h5 34. Nf2 Nxe3 35. Re1 d4 36. Nd3 Rc8 37. Rb1 Rc3 38. Ne5 b6 39. Kf2 Rxa3 40. Rc1 Ra2+ 41. Kf3 Rc2 42. Ra1 a5 43. Rb1 Rc3 44. Ke4 Nd5 45. Kxd4 Rc2 46. Nf7+ Kg7 47. Ng5 Rd2+ 48. Ke5 Re2+ 49. Kd6 a4 50. Nxe6+ Rxe6+ 51. Kxe6 Nxf4+ 52. Ke5 1-0


[Site "https://www.chess.com"]

[Event "Titled Tuesday Blitz November 08 Late 2022"]
[White "Deac, Bogdan-Daniel"]
[Black "Kamsky, Gata"]
[WhiteFideId "1226380"]
[BlackFideId "2000024"]
[WhiteElo "2648"]
[BlackElo "2666"]
[Result "0-1"]
[Round "05"]
[TimeControl "180+1"]
[Date "2022.11.08"]
[WhiteClock "0:00:05"]
[BlackClock "0:00:09"]

1. e4 e5 2. Nf3 Nc6 3. Bb5 a6 4. Ba4 Nf6 5. O-O Be7 6. Re1 b5 7. Bb3 O-O 8. a4 Bb7 9. d3 d6 10. Nbd2 Nd7 11. c3 Nc5 12. Bc2 Nxa4 13. Bxa4 bxa4 14. Qxa4 Kh8 15. d4 exd4 16. cxd4 f5 17. d5 Ne5 18. Nd4 Bh4 19. g3 fxe4 20. Rxe4 Bxg3 21. hxg3 Bxd5 22. f4 Qf6 23. Ra3 c5 24. N4f3 Ng4 25. f5 Bxe4 26. Qxe4 Qxf5 27. Qxf5 Rxf5 28. Nc4 d5 29. Nd6 Rf6 30. Nb7 c4 31. Bf4 h6 32. Ne5 Nxe5 33. Bxe5 Re6 34. Bc3 Kh7 35. Ra5 Rb8 36. Nc5 Rg6 37. Kg2 Rb5 38. Rxb5 axb5 39. Nd7 Rd6 40. Ne5 d4 41. Bd2 Re6 42. Nf3 d3 43. Bc3 Re2+ 44. Kf1 Rc2 45. Nd4 Rc1+ 46. Kf2 Rb1 47. Nxb5 d2 48. Bxd2 Rxb2 49. Nc3 Rxd2+ 50. Kf1 Rd3 51. Ne2 g5 52. Kf2 Kg6 0-1


[Site "https://www.chess.com"]

[Event "Titled Tuesday Blitz November 08 Late 2022"]
[White "Desideri, Ricardo Maruchi"]
[Black "Dahlgren, James Allen"]
[WhiteFideId "2110440"]
[BlackFideId "22256873"]
[WhiteElo "1945"]
[BlackElo "2188"]
[Result "0-1"]
[Round "05"]
[TimeControl "180+1"]
[Date "2022.11.09"]
[WhiteClock "0:00:02"]
[BlackClock "0:00:43"]

1. e4 e6 2. d4 c5 3. Nf3 cxd4 4. Nxd4 Nf6 5. Nc3 Nc6 6. Be3 Bb4 7. Nxc6 bxc6 8. Bd4 Qa5 9. Bd3 e5 10. Be3 Bxc3+ 11. bxc3 Qxc3+ 12. Bd2 Qd4 13. O-O O-O 14. Be3 Qa4 15. Bg5 Nxe4 16. Qg4 d5 17. Qh4 f5 18. Be7 Rf7 19. Bd6 g5 20. Qh6 Rf6 21. Qh5 Nxd6 22. Qxg5+ Kf7 23. Rab1 e4 24. Be2 Be6 25. Bh5+ Ke7 26. Qg7+ Bf7 27. Bxf7 Rxf7 28. Qe5+ Kd7 29. Rb3 Re8 30. Qf4 Qxa2 31. Rfb1 Nb5 32. c4 dxc4 33. Rd1+ Kc8 34. Rh3 Rd7 0-1


[Site "https://www.chess.com"]

[Event "Titled Tuesday Blitz November 08 Late 2022"]
[White "Do Nascimento,Christian Almeida"]
[Black "Ardila, Oscar Humberto"]
[WhiteFideId "2143801"]
[BlackFideId "4404742"]
[WhiteElo "2079"]
[BlackElo "1959"]
[Result "0-1"]
[Round "05"]
[TimeControl "180+1"]
[Date "2022.11.09"]
[WhiteClock "0:00:07"]
[BlackClock "0:00:10"]

1. e4 e5 2. Nf3 Nf6 3. d4 Nxe4 4. Bd3 d5 5. Nxe5 Nf6 6. O-O Be7 7. Bg5 O-O 8. Nd2 Nbd7 9. f4 Nxe5 10. fxe5 Nd7 11. Bxe7 Qxe7 12. Qh5 h6 13. Nf3 Re8 14. c3 Nf8 15. Nh4 Be6 16. Nf5 Qg5 17. Qf3 Bxf5 18. Bxf5 c6 19. Rf2 Re7 20. Raf1 Ng6 21. Bxg6 Qxg6 22. Qe2 Rf8 23. Rf3 Kh7 24. Rg3 Qe6 25. Qd3+ Kh8 26. Qd2 f5 27. exf6 Rxf6 28. Rgf3 Rxf3 29. Rxf3 Qe1+ 30. Qxe1 Rxe1+ 31. Rf1 Re2 32. Rf2 Re1+ 33. Rf1 Re2 34. Rf8+ Kh7 35. Rf2 Re1+ 36. Rf1 Re2 37. b4 Rxa2 38. Rf7 b6 39. Rc7 a5 40. bxa5 bxa5 41. Rxc6 a4 42. Rc5 a3 43. Rxd5 Rc2 44. Ra5 a2 45. Kf1 Rb2 46. c4 Rb1+ 47. Ke2 a1=Q 48. Rxa1 Rxa1 49. c5 Kg6 50. Kd3 Kf5 51. d5 Ke5 52. d6 Rd1+ 53. Kc4 Ke6 54. Kb5 Kd7 55. Kb6 Rb1+ 56. Ka7 Kc6 57. g4 Rb7+ 58. Ka8 Rb5 59. h4 Rxc5 60. d7 Kxd7 61. Kb7 Rb5+ 0-1


[Site "https://www.chess.com"]